[Event "4NCL Div 1 2018-19"]
[Site "Daventry"]
[Date "2019.01.13"]
[Round "4"]
[White "Shafi, Declan"]
[Black "Mihov, Filip"]
[Result "0-1"]
[ECO "D21"]
[WhiteElo "2125"]
[BlackElo "2146"]
[Annotator "NA"]
[PlyCount "112"]
[EventDate "2019.01.12"]
[EventCountry "GBR"]
[SourceTitle "playchess.com"]
[Source "ChessBase"]
[SourceQuality "1"]
[TimeControl "40"]

1. d4 d5 2. c4 dxc4 3. Nf3 c5 4. e3 cxd4 5. exd4 Be6 6. Nc3 Nf6 7. Ng5 Bd5 8. Qa4+ Nc6 9. Nxd5 Nxd5 10. Bxc4 e6 11. Bb5 Bb4+ 12. Kf1 Rc8 13. a3 Be7 14. Nf3 O-O 15. Be3 a6 16. Be2 Bf6 17. Rd1 Qb6 18. Bc1 Nxd4 19. Nxd4 Bxd4 20. Qxd4 Qxd4 21. Rxd4 Rxc1+ 22. Bd1 Rb1 23. Rd2 Rc8 24. Ke2 Kf8 25. Re1 Rcc1 26. g3 Ke7 27. f4 g6 28. Rf1 h5 29. Rf3 b5 30. Rfd3 Nb6 31. Bb3 Rc6 32. Rd4 Rbc1 33. Kf3 Rc7 34. h3 Rd7 35. Rxd7+ Nxd7 36. Bc2 Nb6 37. Be4 Nc4 38. Rg2 Kd6 39. Bb7 a5 40. Be4 Rd1 41. Rc2 Rd2 42. g4 hxg4+ 43. hxg4 Rxc2 44. Bxc2 Nxb2 45. Ke4 a4 46. Kd4 Nc4 47. Bxa4 bxa4 48. Kxc4 e5 49. f5 gxf5 50. gxf5 f6 51. Kb4 Kd5 52. Kxa4 Kc4 53. Ka5 e4 54. Kb6 e3 55. Ka5 e2 56. Ka4 Kd5 0-1

[Event "4NCL Div 1 2018-19"]
[Site "Daventry"]
[Date "2019.01.13"]
[Round "4"]
[White "Dargan, Paul A G"]
[Black "Mihalik, Agoston"]
[Result "1/2-1/2"]
[ECO "B22"]
[WhiteElo "2123"]
[BlackElo "2206"]
[Annotator "NA"]
[PlyCount "98"]
[EventDate "2019.01.12"]
[EventCountry "GBR"]
[SourceTitle "playchess.com"]
[Source "ChessBase"]
[SourceQuality "1"]
[TimeControl "40"]

1. e4 c5 2. c3 Nf6 3. e5 Nd5 4. d4 cxd4 5. Nf3 Nc6 6. cxd4 d6 7. Bc4 dxe5 8. dxe5 Ndb4 9. Qxd8+ Nxd8 10. Na3 Bg4 11. O-O Nbc6 12. Bf4 Bxf3 13. gxf3 g5 14. Bg3 Bg7 15. Rfe1 Ne6 16. Bxe6 fxe6 17. f4 gxf4 18. Bxf4 Rd8 19. Bg3 h5 20. Re4 Rd4 21. Rae1 h4 22. Bf4 Rf8 23. Nc2 Rd5 24. Nb4 Nxb4 25. Rxb4 Rf5 26. Be3 Bxe5 27. Rxb7 a5 28. b4 Bc3 29. Rc1 axb4 30. h3 Ra5 31. Rc2 Kf7 32. Rc7 Rfd5 33. Rc4 Rd1+ 34. Kg2 Ra1 35. Bc5 Rb1 36. Bd4 Rg5+ 37. Kf3 Rf5+ 38. Kg2 Rg5+ 39. Kf3 Rh1 40. Bxc3 Rxh3+ 41. Ke2 bxc3 42. R2xc3 Rxc3 43. Rxc3 Ra5 44. a3 Kg6 45. Kf3 Rg5 46. Rc8 Kg7 47. Rc4 Rh5 48. Kg4 Kg6 49. Rc6 h3 1/2-1/2

[Event "4NCL Div 1 2018-19"]
[Site "Daventry"]
[Date "2019.01.13"]
[Round "4"]
[White "Maroroa, Sue"]
[Black "Lauterbach, Ingrid"]
[Result "0-1"]
[ECO "C41"]
[WhiteElo "2120"]
[BlackElo "2057"]
[Annotator "NA"]
[PlyCount "66"]
[EventDate "2019.01.12"]
[EventCountry "GBR"]
[SourceTitle "playchess.com"]
[Source "ChessBase"]
[SourceQuality "1"]
[TimeControl "40"]

1. e4 e5 2. Nf3 d6 3. d4 Nd7 4. Nc3 Be7 5. Bc4 Ngf6 6. Bxf7+ Kxf7 7. Ng5+ Kg8 8. Ne6 Qe8 9. Nxc7 Qg6 10. Nxa8 Qxg2 11. Rf1 exd4 12. Qe2 Ne5 13. f4 Qxe2+ 14. Nxe2 Neg4 15. h3 Nxe4 16. Nxd4 Bh4+ 17. Kd1 Ngf2+ 18. Ke2 Nxh3 19. Ke3 Ng3 20. Rd1 Bg4 21. Bd2 Kf7 22. Nc7 Rc8 23. Ncb5 Re8+ 24. Kd3 Nf2+ 25. Kc4 Nxd1 26. Nxd6+ Ke7 27. Nxe8 Kxe8 28. Bc3 Bf6 29. a4 Nxc3 30. bxc3 h5 31. a5 h4 32. Rb1 h3 33. Rxb7 h2 0-1

[Event "4NCL Div 1 2018-19"]
[Site "Daventry"]
[Date "2019.01.13"]
[Round "4"]
[White "Moreby, James"]
[Black "Rees, Ioan"]
[Result "0-1"]
[ECO "D35"]
[WhiteElo "2116"]
[BlackElo "2286"]
[Annotator "NA"]
[PlyCount "66"]
[EventDate "2019.01.12"]
[EventCountry "GBR"]
[SourceTitle "playchess.com"]
[Source "ChessBase"]
[SourceQuality "1"]
[TimeControl "40"]

1. c4 e6 2. Nc3 d5 3. d4 Nf6 4. cxd5 exd5 5. Bg5 Nbd7 6. e3 Be7 7. Bd3 c6 8. Nge2 Ne4 9. Bxe7 Qxe7 10. Bxe4 dxe4 11. Ng3 O-O 12. Ngxe4 f5 13. Nd2 f4 14. e4 c5 15. dxc5 Ne5 16. Qe2 f3 17. gxf3 Qxc5 18. O-O-O Be6 19. Kb1 a6 20. Rhg1 b5 21. Rg3 Rad8 22. Nb3 Rxd1+ 23. Nxd1 Qb4 24. Qd2 Qxd2 25. Nxd2 Rd8 26. Kc2 Rc8+ 27. Nc3 b4 28. f4 bxc3 29. fxe5 cxd2+ 30. Kxd2 Bxa2 31. b3 Bb1 32. Re3 Rc2+ 33. Ke1 Kf7 0-1

[Event "4NCL Div 1 2018-19"]
[Site "Daventry"]
[Date "2019.01.13"]
[Round "4"]
[White "Head, Louise"]
[Black "Willow, Jonah B"]
[Result "0-1"]
[ECO "A70"]
[WhiteElo "2099"]
[BlackElo "2218"]
[Annotator "NA"]
[PlyCount "96"]
[EventDate "2019.01.12"]
[EventCountry "GBR"]
[SourceTitle "playchess.com"]
[Source "ChessBase"]
[SourceQuality "1"]
[TimeControl "40"]

1. d4 Nf6 2. c4 c5 3. d5 e6 4. Nc3 exd5 5. cxd5 d6 6. e4 g6 7. Bd3 Bg7 8. h3 O-O 9. Nf3 b5 10. O-O b4 11. Nb1 Re8 12. Nbd2 Nbd7 13. Qc2 Nb6 14. Re1 a5 15. a4 Qc7 16. Nc4 Ba6 17. Rb1 b3 18. Qxb3 Nxc4 19. Bxc4 Rab8 20. Qc2 Bxc4 21. Qxc4 Rb4 22. Qd3 Rxa4 23. e5 dxe5 24. Bd2 Qd7 25. Qc2 Nxd5 26. b3 Nb4 27. Qxc5 Nd3 28. Qe3 Nxe1 29. bxa4 Nxf3+ 30. gxf3 Qxa4 31. Bc3 Qh4 32. Kg2 e4 33. Bxg7 exf3+ 34. Qxf3 Kxg7 35. Qc3+ Kg8 36. Rb5 Qe4+ 37. Kg3 a4 38. Rb4 Qh1 39. Qd2 Qc6 40. Qb2 Rc8 41. f3 Qc7+ 42. Kh4 Ra8 43. Qa3 Ra5 44. f4 Qe7+ 45. Kg4 Rb5 46. Rxa4 Qe6+ 47. f5 h5+ 48. Kh4 Qe1+ 0-1

[Event "4NCL Div 1 2018-19"]
[Site "Daventry"]
[Date "2019.01.13"]
[Round "4"]
[White "Longson, Sarah N"]
[Black "Jaracz, Barbara"]
[Result "1-0"]
[ECO "C54"]
[WhiteElo "2086"]
[BlackElo "2230"]
[Annotator "NA"]
[PlyCount "66"]
[EventDate "2019.01.12"]
[EventCountry "GBR"]
[SourceTitle "playchess.com"]
[Source "ChessBase"]
[SourceQuality "1"]
[TimeControl "40"]

1. e4 e5 2. Nf3 Nc6 3. Bc4 Bc5 4. O-O Nf6 5. d3 d6 6. c3 a6 7. Bb3 Ba7 8. Nbd2 h6 9. Re1 O-O 10. Nf1 Be6 11. Ng3 Qd7 12. h3 Ne7 13. d4 Bxb3 14. Qxb3 Ng6 15. Be3 exd4 16. cxd4 c6 17. Rad1 Rfe8 18. Nd2 b5 19. f4 c5 20. dxc5 dxc5 21. Qc3 Qc7 22. Nf5 b4 23. Qc4 Qc6 24. e5 Nd5 25. Nd6 Re7 26. Nb3 Nxe3 27. Rxe3 Bb6 28. Rg3 Kh7 29. Nxf7 Rxf7 30. Qxf7 c4+ 31. Kh2 Ra7 32. Qf5 cxb3 33. axb3 Bc5 1-0

[Event "4NCL Div 1 2018-19"]
[Site "Daventry"]
[Date "2019.01.13"]
[Round "4"]
[White "Norinkeviciute, Rasa"]
[Black "Dong, Bao Nghia"]
[Result "1/2-1/2"]
[ECO "D30"]
[WhiteElo "2028"]
[BlackElo "2163"]
[Annotator "NA"]
[PlyCount "205"]
[EventDate "2019.01.12"]
[EventCountry "GBR"]
[SourceTitle "playchess.com"]
[Source "ChessBase"]
[SourceQuality "1"]
[TimeControl "40"]

1. c4 e6 2. Nf3 a6 3. d4 d5 4. e3 Nf6 5. a3 dxc4 6. Bxc4 b5 7. Be2 c5 8. O-O Nc6 9. dxc5 Bxc5 10. Qc2 Qb6 11. b4 Be7 12. Bb2 Bb7 13. Nbd2 Rc8 14. Qb3 O-O 15. Rac1 Rfd8 16. Rfd1 h6 17. h3 Qa7 18. Nf1 Ne4 19. Rxd8+ Rxd8 20. Rd1 Qa8 21. Rxd8+ Bxd8 22. Qd3 Ne7 23. N1d2 Nf5 24. Nxe4 Bxe4 25. Qd2 Bb6 26. Qc3 f6 27. Qb3 Bd5 28. Qd1 e5 29. Qc2 Nd6 30. Ne1 Qa7 31. Qd2 Qb7 32. Qc2 Qd7 33. Bg4 f5 34. Be2 e4 35. Qc3 Bc4 36. Bh5 f4 37. Nc2 Bd3 38. exf4 Nc4 39. Bg4 Qa7 40. Be6+ Kh8 41. Nd4 Kh7 42. Ba1 Nd6 43. Kh1 Bc4 44. Bf5+ Nxf5 45. Nxf5 Bxf2 46. Nxg7 Qe3 47. Nf5 Qe1+ 48. Qxe1 Bxe1 49. Bd4 Be6 50. Ne3 Bd2 51. Kg1 Bb3 52. Kf2 Bc1 53. Ke2 Bxa3 54. Bc3 Bc1 55. g3 Kg6 56. Be5 Kf7 57. Bc3 Ke6 58. Ng4 h5 59. Ne3 Bc4+ 60. Kf2 Bd3 61. g4 hxg4 62. hxg4 Ba3 63. Ke1 a5 64. bxa5 b4 65. Bd4 b3 66. Nd1 Bb4+ 67. Kf2 Bxa5 68. Ke3 Kd5 69. Nc3+ Kc4 70. Nd1 Bc2 71. Nb2+ Kd5 72. Bf6 Bb6+ 73. Ke2 e3 74. Na4 Ba7 75. f5 Bd4 76. Nc3+ Kc4 77. Bxd4 Kxd4 78. Na4 Bd3+ 79. Ke1 Bb5 80. Nb2 Ke5 81. Nd1 Kf6 82. Nxe3 b2 83. Nd5+ Ke5 84. Nc3 Bd3 85. Kd2 Kd4 86. f6 Bg6 87. Nb5+ Kc4 88. Nc3 Kb3 89. g5 Bh5 90. Kd3 Bf7 91. Kd2 Bg6 92. Nb1 Ka2 93. Nc3+ Kb3 94. Nb1 Ka2 95. Nc3+ Ka3 96. Nb5+ Kb4 97. Nc3 Kc4 98. f7 Bxf7 99. Kc2 b1=Q+ 100. Nxb1 Bg6+ 101. Kc1 Bxb1 102. Kxb1 Kd5 103. g6 1/2-1/2

[Event "4NCL Div 1 2018-19"]
[Site "Daventry"]
[Date "2019.01.13"]
[Round "4"]
[White "Skulte, Christopher"]
[Black "Golding, Alex"]
[Result "1/2-1/2"]
[ECO "B28"]
[WhiteElo "1982"]
[BlackElo "2264"]
[Annotator "NA"]
[PlyCount "63"]
[EventDate "2019.01.12"]
[EventCountry "GBR"]
[SourceTitle "playchess.com"]
[Source "ChessBase"]
[SourceQuality "1"]
[TimeControl "40"]

1. e4 c5 2. Nf3 a6 3. d4 cxd4 4. Nxd4 e5 5. Nf3 Nf6 6. Bc4 Qc7 7. Qe2 Bc5 8. Bg5 Ng4 9. Bh4 d6 10. h3 Nh6 11. Bg5 Be6 12. Nbd2 Nc6 13. O-O-O Na5 14. Kb1 Nxc4 15. Nxc4 f5 16. Bxh6 gxh6 17. exf5 Bxf5 18. Nd4 Bxd4 19. Rxd4 O-O-O 20. Nxe5 Qxc2+ 21. Qxc2+ Bxc2+ 22. Kxc2 dxe5 23. Rxd8+ Kxd8 24. Re1 Rf8 25. f3 Rg8 26. g4 Rf8 27. Re3 Kd7 28. Kd2 Kd6 29. Rc3 h5 30. Ke3 hxg4 31. hxg4 Rf7 32. Rc8 1/2-1/2

[Event "4NCL Div 1 2018-19"]
[Site "Daventry"]
[Date "2019.01.13"]
[Round "4"]
[White "Smith, Lynda"]
[Black "Camp, Imogen A L"]
[Result "1/2-1/2"]
[ECO "C68"]
[WhiteElo "1837"]
[BlackElo "1917"]
[Annotator "NA"]
[PlyCount "74"]
[EventDate "2019.01.12"]
[EventCountry "GBR"]
[SourceTitle "playchess.com"]
[Source "ChessBase"]
[SourceQuality "1"]
[TimeControl "40"]

1. e4 e5 2. Nf3 Nc6 3. Bb5 a6 4. Bxc6 dxc6 5. d4 exd4 6. Qxd4 Qxd4 7. Nxd4 Bc5 8. Be3 Nf6 9. f3 Bd7 10. Kf2 O-O-O 11. Nc3 Rhe8 12. Rad1 Ng8 13. Nf5 Bxe3+ 14. Nxe3 Ne7 15. g4 g6 16. g5 Be6 17. a3 Rxd1 18. Ncxd1 h5 19. gxh6 Rh8 20. Ke2 Rxh6 21. Ng4 Bxg4 22. fxg4 g5 23. Nf2 Ng6 24. Nd3 b6 25. h3 Kd7 26. Rf1 Ke6 27. Rf3 c5 28. c4 a5 29. a4 f6 30. Ke3 Rh8 31. b3 Rd8 32. Rf2 Ne7 33. Rh2 Rh8 34. Ne1 Nc6 35. Nf3 Ne5 36. Nxe5 Kxe5 37. Rh1 Rh7 1/2-1/2

[Event "4NCL Div 1 2018-19"]
[Site "Daventry"]
[Date "2019.01.13"]
[Round "4"]
[White "Milewska, Agnieszka"]
[Black "Roy, Ali"]
[Result "1/2-1/2"]
[ECO "D32"]
[WhiteElo "1648"]
[BlackElo "1897"]
[Annotator "NA"]
[PlyCount "94"]
[EventDate "2019.01.12"]
[EventCountry "GBR"]
[SourceTitle "playchess.com"]
[Source "ChessBase"]
[SourceQuality "1"]
[TimeControl "40"]

1. d4 d5 2. e3 Nf6 3. c4 e6 4. Nc3 Be7 5. Nf3 O-O 6. cxd5 exd5 7. Be2 c5 8. dxc5 Bxc5 9. O-O Nc6 10. b3 Bg4 11. Bb2 Qd7 12. Rc1 Be7 13. Nb5 Rac8 14. Nbd4 Nxd4 15. Qxd4 Bxf3 16. Bxf3 b6 17. Rxc8 Rxc8 18. h3 Bc5 19. Qh4 Be7 20. Rd1 Rc2 21. Bxf6 Bxf6 22. Qg3 Qc8 23. a4 Qc7 24. Qxc7 Rxc7 25. Bxd5 Kf8 26. Bc4 Bc3 27. f4 Ke7 28. Kf2 f6 29. g4 g5 30. fxg5 fxg5 31. Rd5 h6 32. Rf5 Kd6 33. Ke2 a5 34. Kd3 Be5 35. Rf7 Rxf7 36. Bxf7 Ke7 37. Ke4 Bd6 38. Bc4 Kf6 39. Kd5 Bb4 40. Bd3 Bd2 41. e4 Bc3 42. Bb5 Be5 43. Bd7 Bc3 44. Bf5 Be5 45. Kc6 Bd4 46. Kd7 Bc5 47. Ke8 Bb4 1/2-1/2